 Dungeon Crawl Stone Soup version 0.22-a0-398-g8bb545f (webtiles) character file.

989 seerdeer the Gusty (level 8, -2/37 HPs)
             Began as a Vine Stalker Air Elementalist on May 5, 2018.
             Was an Initiate of Qazlal.
             Slain by andrewp's ghost (18 damage)
             ... on level 7 of the Dungeon.
             The game lasted 00:38:58 (4212 turns).

seerdeer the Gusty (Vine Stalker Air Elementalist)  Turns: 4212, Time: 00:38:59

Health: -2/37      AC:  4    Str: 10    XL:     8   Next: 18%
Magic:  0/16       EV: 12    Int: 17    God:    Qazlal [......]
Gold:   237        SH:  0    Dex: 16    Spells: 1/16 levels left

rFire    + . .     SeeInvis .   r - +0 falchion (slice)
rCold    + . .     Gourm    .   (no shield)
rNeg     . . .     Faith    .   w - +0 leather armour
rPois    .         Spirit   +   b - +0 helmet
rElec    .         Reflect  .   a - scarf {rC+ rF+}
rCorr    +         Harm     .   (no gloves)
MR       +....                  (no boots)
Stlth    ++........             d - amulet of magic regeneration
HPRegen  0.52/turn              o - ring of resist corrosion
MPRegen  0.40/turn              (no ring)

@: no status effects
A: fangs 3, regeneration 1, magic shield, antimagic bite, no potion heal 3, rot
immunity
a: Renounce Religion


You were on level 7 of the Dungeon.
You worshipped Qazlal.
Qazlal was noncommittal.
You were full.

You visited 1 branch of the dungeon, and saw 7 of its levels.

You collected 237 gold pieces.

Inventory:

Hand Weapons
 k - a +2 vampiric whip
 r - a +0 falchion of slicing (weapon)
Missiles
 l - 4 javelins of returning (quivered)
Armour
 a - a scarf of resistance (worn)
 b - a +0 helmet (worn)
 g - a +0 robe
 w - a +0 leather armour (worn)
Jewellery
 d - an amulet of magic regeneration (around neck)
 o - a ring of resist corrosion (left hand)
Wands
 f - a wand of acid (9)
 i - a wand of paralysis (12)
Scrolls
 n - a scroll of identify
Potions
 e - a potion of brilliance {unknown}
 h - a potion of magic
 j - a potion of ambrosia
Comestibles
 c - 6 rations
 m - 2 chunks of flesh


   Skills:
 + Level 1.1 Fighting
 + Level 2.4 Long Blades
   Level 0.4(0.5) Axes
 + Level 0.2(0.4) Maces & Flails
 + Level 1.8 Armour
 + Level 2.3 Dodging
 + Level 3.1 Stealth
 + Level 4.8 Spellcasting
 + Level 3.6 Conjurations
 + Level 0.1 Summonings
 + Level 5.6 Air Magic


You had one spell level left.
You knew the following spells:

 Your Spells              Type           Power        Failure   Level  Hunger
a - Shock                 Conj/Air       ###.         2%          1    None
b - Static Discharge      Conj/Air       ###.....     9%          3    ###....
c - Magic Dart            Conj           ###.         4%          1    None
d - Summon Lightning Spi  Summ/Air       ##......     52%         4    ####...
e - Lightning Bolt        Conj/Air       ###.......   61%         5    ######.
f - Summon Small Mammal   Summ           #...         19%         1    None


Dungeon Overview and Level Annotations

Branches:
Dungeon (7/15)             Temple (0/1) D:4

Altars:
Dithmenos
Qazlal
Ru
Vehumet
Wu Jian
Xom
Zin

Shops:
D:6 (

Portals:
Sewer: D:4

Annotations:
D:2 Sigmund
D:3 GoodGuyCap's ghost, amateur HOFi
D:4 Eustachio
D:7 andrewp's ghost, novice MiBe


Innate Abilities, Weirdness & Mutations

You have razor-sharp teeth.
Your natural rate of healing is unusually fast.
When hurt, damage is shared between your health and your magic reserves.
Your bite disrupts and absorbs the magic of your enemies.
Potions cannot restore your health.
You are immune to rotting.


Message History

Confirm with . or Enter, or press ? or * to list all spells.
Andrewp's ghost is struck by lightning.
Andrewp's ghost is moderately damaged.
The lightning arcs!
You are struck by lightning.
The lightning grounds out.
Andrewp's ghost hits you.
Unknown command.
Unknown command.
As you read the scroll of fog, it crumbles to dust.
The scroll dissolves into smoke.
Andrewp's ghost yells, "Who would have thought, even in death it is a pleasure to sever!"
Andrewp's ghost hits you!
* * * LOW HITPOINT WARNING * * *
Andrewp's ghost barely misses you. Andrewp's ghost barely misses you.
Aiming: Paralyse
Press: ? - help, Shift-Dir - straight line, f - andrewp's ghost
Aim: andrewp's ghost (moderately damaged, chance to defeat MR: 15%) Andrewp's ghost resists with almost no effort.
Andrewp's ghost hits you!!
You die...

###.....#.###
#.#####...#
#.#######.#######
#.#..............
#......§§§#######
#####.####§§#
....)†...§§§#
#####.####§#######
#.# #§§§§.W@# #.#
#######.# #.# #.#
#>. #.# ### #.#
#.# ###


You could see andrewp's ghost.

Vanquished Creatures
  A sky beast (D:7)
  3 ogres
  2 bullfrogs
  A scorpion (D:4)
  A wyvern skeleton (D:7)
  A howler monkey (D:5)
  A centaur zombie (D:6)
  A hound (D:6)
  A jelly (D:5)
  A bullfrog skeleton (D:4)
  A worker ant (D:6)
  A worker ant zombie (D:6)
  4 gnolls (D:5)
  7 adders
  2 river rats (D:4)
  A shadow imp (D:6)
  3 oozes
  An adder zombie (D:6)
  An adder skeleton (D:4)
  3 dart slugs
  2 leopard geckos
  5 orcs (D:3)
  A ball python (D:1)
  6 giant cockroaches
  7 goblins
  3 hobgoblins
  A quokka (D:4)
  5 bats
  4 frilled lizards
  4 kobolds
  A leopard gecko skeleton (D:4)
  A quokka zombie (D:6)
  11 rats
88 creatures vanquished.

Notes
Turn   | Place    | Note
-------+----------+-------------------------------------------
     0 | D:1      | seerdeer the Vine Stalker Air Elementalist began the quest for the Orb.
     0 | D:1      | Reached XP level 1. HP: 9/9 MP: 4/4
   107 | D:1      | Reached XP level 2. HP: 10/13 MP: 1/6
   599 | D:1      | Reached XP level 3. HP: 16/16 MP: 0/7
   937 | D:2      | Found a faded altar of an unknown god.
  1351 | D:2      | Noticed Sigmund
  1411 | D:2      | Found a glowing silver altar of Zin.
  1667 | D:2      | Gained mutation: Your natural rate of healing is unusually fast. [Vine Stalker growth]
  1667 | D:2      | Reached XP level 4. HP: 21/21 MP: 5/9
  1708 | D:3      | Found a shimmering altar of Xom.
  1712 | D:3      | Found a shimmering altar of Xom.
  1712 | D:3      | Found a shimmering altar of Xom.
  1712 | D:3      | Found a shimmering altar of Xom.
  1712 | D:3      | Found a shimmering altar of Xom.
  1727 | D:3      | Noticed an ogre
  1737 | D:3      | Killed an ogre
  1737 | D:3      | Reached XP level 5. HP: 3/24 MP: 1/11
  1762 | D:3      | Found a shimmering altar of Xom.
  1762 | D:3      | Found a shimmering altar of Xom.
  1908 | D:3      | Found a radiant altar of Vehumet.
  1914 | D:3      | Became a worshipper of Vehumet
  1993 | D:3      | Reached skill level 4 in Air Magic
  2142 | D:3      | Noticed GoodGuyCap's ghost (amateur HOFi)
  2226 | D:4      | Reached XP level 6. HP: 25/29 MP: 6/12
  2263 | D:4      | Noticed Eustachio
  2292 | D:4      | Found a staircase to the Ecumenical Temple.
  2475 | D:4      | Reached skill level 1 in Armour
  2565 | D:4      | Reached skill level 1 in Long Blades
  2576 | D:4      | Found a glowing drain.
  2616 | D:5      | Entered Level 5 of the Dungeon
  2742 | D:5      | Reached * piety under Vehumet
  2742 | D:5      | Offered knowledge of Sandblast by Vehumet.
  2754 | D:5      | Reached XP level 7. HP: 32/32 MP: 9/14
  2897 | D:5      | Reached skill level 1 in Fighting
  3150 | D:5      | Found a sacrificial altar of Ru.
  3150 | D:5      | Found an ornate altar of the Wu Jian Council.
  3415 | D:6      | Found a shadowy altar of Dithmenos.
  3435 | D:6      | Reached skill level 5 in Air Magic
  3513 | D:6      | Found a stormy altar of Qazlal.
  3521 | D:6      | Fell from the grace of Vehumet
  3521 | D:6      | Became a worshipper of Qazlal Stormbringer
  3546 | D:6      | Learned a level 3 spell: Static Discharge
  3548 | D:6      | Learned a level 1 spell: Magic Dart
  3553 | D:6      | Learned a level 4 spell: Summon Lightning Spire
  3559 | D:6      | Learned a level 5 spell: Lightning Bolt
  3561 | D:6      | Learned a level 1 spell: Summon Small Mammal
  3596 | D:6      | Found Fagot's Weapon Emporium.
  4160 | D:7      | Gained mutation: You have razor-sharp teeth. [Vine Stalker growth]
  4160 | D:7      | Reached XP level 8. HP: 29/37 MP: 12/16
  4193 | D:7      | Noticed andrewp's ghost (novice MiBe)
  4212 | D:7      | Slain by andrewp's ghost

Vault maps used:
D:1:      ncdulo_halloftheorcs
D:2:      grunt_temple_overflow_opulence, lemuel_crystal_altar,
          chequers_ecumenical_altar_simple_redux, serial_curves, eino_curves_04,
          eino_curves_04, eino_curves_04, serial_bayou_ford_a, uniq_sigmund
D:3:      lemuel_doored_altar, nicolae_xom_altar_mimics, first_ration, uniq_ijyb
D:4:      kennysheep_slug_shrine, minmay_temple_entry_hall,
          portal_sewer_entry_e, serial_shops, shop, solitary_fountain,
          uniq_duvessa, uniq_eustachio
D:5:      gammafunk_temple_overflow_wave
D:6:      nicolae_qazlal_eye_of_the_storm, nicolae_dithmenos_the_darkroom,
          serial_shops, shop_fountains, minmay_misc_feat_enclosed

Skill      XL: |  1  2  3  4  5  6  7 |
---------------+----------------------+-----
Spellcasting   | 3 4 |  4.8
Conjurations   | 2 3 |  3.6
Air Magic      | 4 5 |  5.6
Dodging        | 2 |  2.3
Armour         | 1 |  1.8
Long Blades    | 1 2 |  2.4
Stealth        | 3 |  3.1
Fighting       | 1 |  1.1
Axes           | |  0.4
Maces & Flails | |  0.2
Summonings     | |  0.1

Action                   |  1- 3 |  4- 6 |  7- 9 || total
-------------------------+-------+-------+-------++-------
Melee: Unarmed           |     7 |       |       ||     7
       Bite              |     6 |    16 |    11 ||    33
       Hand axe          |     8 |       |       ||     8
       Flail             |     5 |     6 |       ||    11
       Falchion          |       |    56 |    30 ||    86
Throw: Javelin           |       |       |     1 ||     1
 Cast: Shock             |    61 |    87 |    61 ||   209
       Static Discharge  |       |       |     5 ||     5
       Summon Small Mamm |       |       |     1 ||     1
       Magic Dart        |       |       |     4 ||     4
Evoke: Wand              |       |       |     1 ||     1
  Use: Scroll            |     9 |     6 |     5 ||    20
       Potion            |     1 |     3 |       ||     4
  Eat: Ration            |     1 |     1 |     3 ||     5
       Chunk             |       |       |     1 ||     1
Armor: Robe              |    10 |       |       ||    10
       Ring mail         |       |     6 |       ||     6
       Leather armour    |       |    15 |    10 ||    25
Dodge: Dodged            |    20 |    55 |    25 ||   100
       Rpst.: Falchion   |       |    14 |     7 ||    21

Table legend:
 A = Spawn XP
 B = Non-spawn XP
 C = Spawn XP percentage of total XP
 D = Spawn monster count
 E = Non-spawn monster count
 F = Spawn count percentage of total count
 G = Total turns spent on level
                    A         B        C        D         E        F      G
               +---------+---------+-------+---------+---------+-------+---------
         Total |       0 |    1413 |   0.0 |       0 |      88 |   0.0 |  4212
               +---------+---------+-------+---------+---------+-------+---------
           D:1 |       0 |      37 |   0.0 |       0 |      20 |   0.0 |   930
           D:2 |       0 |      45 |   0.0 |       0 |      12 |   0.0 |   778
           D:3 |       0 |     146 |   0.0 |       0 |      14 |   0.0 |   451
           D:4 |       0 |     306 |   0.0 |       0 |      17 |   0.0 |   457
           D:5 |       0 |     399 |   0.0 |       0 |      12 |   0.0 |   690
           D:6 |       0 |     187 |   0.0 |       0 |      10 |   0.0 |   794
           D:7 |       0 |     293 |   0.0 |       0 |       3 |   0.0 |   112
               +---------+---------+-------+---------+---------+-------+---------
